 Dungeon Sprint DCSS version 0.20.1-1-g8b1a95d (console) character file.

54 hilaritas the Blocker (level 5, -6/41 HPs)
             Began as a Formicid Fighter on Nov 4, 2017.
             Was a Follower of Uskayaw.
             Mangled by a sixfirhy (11 damage)
             ... summoned by a kobold demonologist
             ... in the Dungeon (Sprint VI: "Thunderdome").
             The game lasted 00:06:02 (383 turns).

hilaritas the Blocker (Formicid Fighter)             Turns: 383, Time: 00:06:03

Health: -6/41      AC:  6    Str: 26    XL:     5   Next: 99%
Magic:  9/9        EV:  9    Int:  7    God:    Uskayaw [*.....]
Gold:   5          SH: 12    Dex: 12    Spells: 4/4 levels left

rFire    + . .     SeeInvis +   a - +0 flail
rCold    x . .     Gourm    .   c - +0 shield
rNeg     . . .     Faith    .   b - +0 scale mail
rPois    +         Spirit   .   (helmet unavailable)
rElec    .         Reflect  .   (no cloak)
rCorr    .         Harm     .   (no gloves)
MR       .....                  (no boots)
Stlth    +.........             d - amulet "Risewk" {+Rage rC- Str+4}
Regen    0.2/turn               h - ring "Goon" {*Contam rPois rF+ Dex+2 Stlth+}
MPRegen  0.2/turn               (no ring)

@: no status effects
A: permanent stasis, dig shafts and tunnels, four strong arms, antennae 3
a: Dig, Stomp, Renounce Religion


You were in the Dungeon.
You worshipped Uskayaw.
Uskayaw was noncommittal.
You were not hungry.

You visited 1 branch You collected 280 gold pieces.
You spent 275 gold pieces at shops.

Inventory:

Hand Weapons
 a - a +0 flail (weapon)
Armour
 b - a +0 scale mail (worn)
 c - a +0 shield (worn)
Jewellery
 d - the amulet "Risewk" (around neck) {+Rage rC- Str+4}
   (You bought it in a shop in the Dungeon)

   [amulet of rage]

   It affects your strength (+4).
   It makes you vulnerable to cold.
   It lets you go berserk.
 h - the ring "Goon" (left hand) {*Contam rPois rF+ Dex+2 Stlth+}
   (You bought it in a shop in the Dungeon)

   [ring of protection from fire]

   It affects your dexterity (+2).
   It protects you from fire.
   It protects you from poison.
   It causes magical contamination when unequipped.
   It makes you more stealthy.
Wands
 m - a wand of acid (5/15)
 n - a wand of iceblast (5/15)
Scrolls
 k - 4 scrolls of blinking
 o - 3 scrolls of fog
 p - a scroll of identify
Potions
 e - a potion of curing
 g - 3 potions of heal wounds
 i - 2 potions of magic
 l - a potion of resistance
Comestibles
 f - a bread ration


   Skills:
 - Level 3.2 Fighting
 * Level 7.7 Maces & Flails
 - Level 3.2 Armour
 + Level 8.2 Shields
 * Level 6.5 Invocations


You had 4 spell levels left.
You didn't know any spells.

Dungeon Overview and Level Annotations

Branches:
Dungeon (1/1)

Altars:
Cheibriados
Dithmenos
Fedhas
Gozag
Kikubaaqudgha
Makhleb
Okawaru
Qazlal
Ru
Sif Muna
Trog
Uskayaw
Vehumet
Xom
Yredelemnul
Zin
The Shining One
Beogh
Jiyva
Lugonu

Shops:
D *[%??*?*:[((!!!!


Innate Abilities, Weirdness & Mutations

You cannot be hasted, slowed, berserked, paralysed or teleported.
You can dig through walls and to a lower floor.
Your four strong arms can wield two-handed weapons with a shield.
You have a pair of large antennae on your head. (SInv)


Message History

The kobold hits you with a dagger.
You sock the kobold!
You kill the kobold!
The kobold demonologist miscasts a cantrip.
The kobold demonologist looks satisfied for a moment.
You closely miss the kobold. The kobold barely misses you.
You hit the kobold.
You kill the kobold!
The kobold demonologist gestures wildly while chanting.
A kobold comes into view. It is wielding a short sword.
You block the sixfirhy's attack. The sixfirhy hits you.
The sixfirhy shocks you!
The kobold demonologist casts a spell.
The sixfirhy barely misses you. The sixfirhy completely misses you.
The sixfirhy hits you. The sixfirhy shocks you!
* * * LOW HITPOINT WARNING * * *
The sixfirhy hits you!
* * * LOW HITPOINT WARNING * * *
The sixfirhy shocks you!
You die...

##⌠⌠⌠## #.....# ##.....##
##∩.....∩## #∩.......∩#
#_......._# #5.5....._#
#_5......_# ###..K......###
#⌠...........⌠#
######.8..3@.....8.######
##∩___......###......___∩##
###∩........8.# #.8........∩###
##...!.......).###.............#
#⌠..........###(..###..........⌠
#⌠........K.# #.<.# #..........⌠
#⌠..........###...###..........⌠
##.............###.............#
###∩........8.# #.8{.......∩###
##∩___..{...###......_..∩##
######.8.........8.######


You could see a kobold demonologist, a sixfirhy, an iron imp, a crimson imp, an
ufetubus and a kobold.

Vanquished Creatures
  A phantom (D)
  A wight (D)
  A jelly (D)
  5 oozes (D)
  An adder skeleton (D)
  A giant cockroach zombie (D)
  A jackal skeleton (D)
  3 kobolds (D)
14 creatures vanquished.

Notes
Turn   | Place    | Note
-------+----------+-------------------------------------------
     0 | D        | hilaritas the Formicid Fighter began the quest for the Orb.
     0 | D        | Reached XP level 1. HP: 18/18 MP: 1/1
     3 | D        | Found an opulent altar of Gozag.
     3 | D        | Found a glowing silver altar of Zin.
     4 | D        | Found a bloodstained altar of Trog.
     4 | D        | Found a roughly hewn altar of Beogh.
     5 | D        | Found a glowing golden altar of the Shining One.
     5 | D        | Found a hide-covered altar of Uskayaw.
     5 | D        | Round 1.
     6 | D        | Found a stormy altar of Qazlal.
     6 | D        | Found a shimmering altar of Xom.
     6 | D        | Found Okhliot's Staff Store.
     6 | D        | Found Neuhaxuo's Magic Scroll Shop.
     7 | D        | Found Bowueps's Must-Have Magic.
     7 | D        | Found Tuva's Magic Scroll Shop.
    10 | D        | Found a snail-covered altar of Cheibriados.
    14 | D        | Became a worshipper of Uskayaw the Reveler
    29 | D        | Found a burning altar of Makhleb.
    29 | D        | Found Myrie's Distillery.
    29 | D        | Found Fiwysas's Distillery.
    30 | D        | Found Nymneow's Bottled Wisdom.
    31 | D        | Found a corrupted altar of Lugonu.
    31 | D        | Found Iciome's Do-It-Yourself Clinic.
    37 | D        | Reached * piety under Uskayaw
    55 | D        | Found a shadowy altar of Dithmenos.
    59 | D        | Found Rappuwo's Weapon Rack.
    59 | D        | Found Taqucvio's Basic Armour.
    60 | D        | Found Wuukhuej's Miscellaneous Merchandise.
    65 | D        | Found Piukly's Premium Goods.
    65 | D        | Found a deep blue altar of Sif Muna.
    65 | D        | Found an iron altar of Okawaru.
    65 | D        | Found a basalt altar of Yredelemnul.
    76 | D        | Found an ancient bone altar of Kikubaaqudgha.
    78 | D        | Found a radiant altar of Vehumet.
    78 | D        | Found a blossoming altar of Fedhas.
    78 | D        | Found Xicuuden's Identification Station.
    78 | D        | Found Buzastagel's Advanced Armour.
    79 | D        | Found Fysh's Jewellery.
    84 | D        | Bought 3 scrolls of identify for 150 gold pieces
    84 | D        | Found Fenif's Bee Food.
    84 | D        | Found a sacrificial altar of Ru.
    84 | D        | Found a viscous altar of Jiyva.
    87 | D        | Noticed a phantom
   109 | D        | Reached ** piety under Uskayaw
   114 | D        | Killed a phantom
   114 | D        | Reached skill level 5 in Maces & Flails
   114 | D        | Reached skill level 6 in Shields
   114 | D        | Reached skill level 5 in Invocations
   114 | D        | Reached XP level 2. HP: 24/24 MP: 1/5
   114 | D        | Reached XP level 3. HP: 29/29 MP: 1/6
   114 | D        | Reached XP level 4. HP: 35/35 MP: 1/7
   135 | D        | Arena points: 12 (+12) [x2]
   135 | D        | Reached skill level 7 in Shields
   135 | D        | Reached XP level 5. HP: 41/41 MP: 3/9
   149 | D        | Bought a bound bronze amulet for 45 gold pieces
   149 | D        | Identified the amulet "Risewk" {+Rage rC- Str+4} (You bought it in a shop in the Dungeon)
   199 | D        | Round 2.
   235 | D        | Reached skill level 8 in Shields
   308 | D        | Arena points: 54 (+42) [x3]
   330 | D        | Bought a potion of heal wounds for 35 gold pieces
   354 | D        | Bought a sparkling bone ring for 45 gold pieces
   354 | D        | Identified the ring "Goon" {*Contam rPois rF+ Dex+2 Stlth+} (You bought it in a shop in the Dungeon)
   368 | D        | Round 3.
   377 | D        | Noticed a kobold demonologist
   382 | D        | Noticed a sixfirhy
   383 | D        | Mangled by a sixfirhy

Skill      XL: |  1  2  3  4  5 |
---------------+----------------+-----
Maces & Flails | 5 6 7 |  7.7
Shields        | 6 7 8 |  8.2
Invocations    | 5 6 |  6.5
Fighting       | |  3.2
Armour         | |  3.2

Action                   |  1- 3 |  4- 6 || total
-------------------------+-------+-------++-------
Melee: Flail             |    19 |    37 ||    56
  Use: Potion            |     3 |       ||     3
       Scroll            |       |     2 ||     2
Armor: Scale mail        |     8 |     8 ||    16
Dodge: Dodged            |     4 |    12 ||    16
Block: Shield            |     5 |    18 ||    23
